 Dungeon Crawl Stone Soup version 0.19-a0-1849-g2383789 (webtiles) character file.

2439 magicalfaerieponies the Caller (level 9, -2/76 HPs)
             Began as a Troll Wizard on Oct 10, 2016.
             Was an Initiate of Kikubaaqudgha.
             Killed by divine providence
             ... invoked by an orc priest
              (11 damage)
             ... on level 8 of the Dungeon.
             The game lasted 00:24:13 (6384 turns).

magicalfaerieponies the Caller (Troll Wizard)       Turns: 6384, Time: 00:24:14

Health: -2/76      AC: -1    Str: 15 (17) XL:     9   Next: 25%
Magic:  11/14      EV:  9    Int: 15 (17) God:    Kikubaaqudgha [......]
Gold:   347        SH:  0    Dex:  6 (8)  Spells: 3 memorised, 10 levels left

rFire  . . .     SeeInvis +     u - +4 quarterstaff (chaos)
rCold  . . .     Gourm    +     a - +0 robe
rNeg   + . .     Faith    .     (shield currently unavailable)
rPois  .         Spirit   .     b - +0 hat
rElec  .         Dismiss  .     K - +0 cloak
rCorr  .         Reflect  .     (gloves unavailable)
MR     .....     Harm     .     (boots unavailable)
Stlth  +.........               (no amulet)
                                v - ring of see invisible
                                j - ring of positive energy

@: corroded
A: unfitting armour, claws 3, talons 1, yellow scales 1, deformed body, fast
metabolism 3, gourmand, regeneration 1, shaggy fur 1, tough skin 2
a: Renounce Religion


You were on level 8 of the Dungeon.
You worshipped Kikubaaqudgha.
Kikubaaqudgha was noncommittal.
You were not hungry.

You visited 2 branches of the dungeon, and saw 9 of its levels.

You collected 347 gold pieces.

Inventory:

Hand Weapons
 o - a +0 short sword of holy wrath
 u - a +4 quarterstaff of chaos (weapon)
Missiles
 q - 17 poisoned needles
Armour
 a - a +0 robe (worn)
 b - a +0 hat (worn)
 K - a +0 cloak (worn)
Magical Staves
 E - an uncursed staff of conjuration
Jewellery
 j - a ring of positive energy (left claw)
 v - a ring of see invisible (right claw)
 M - a -3 ring of intelligence
Wands
 i - a wand of flame (42/48)
 k - a wand of confusion (10/48)
 l - a wand of slowing (16/48)
 y - a wand of hasting (5/9)
 I - a wand of iceblast (3/15)
Scrolls
 g - 3 scrolls of magic mapping
 n - 8 scrolls of identify
 p - 4 scrolls of remove curse
 B - 2 scrolls of recharging
Potions
 e - 2 potions of lignification
 r - a potion of agility
 t - 2 potions of curing
 F - a potion of flight
Books
 c - a book of Minor Magic

   Spells                             Type                      Level
   a - Magic Dart                     Conjuration                  1
   b - Blink                          Translocation                2
   c - Call Imp                       Summoning                    2
   d - Repel Missiles                 Charms/Air                   2
   e - Slow                           Hexes                        2
   f - Conjure Flame                  Conjuration/Fire             3
   g - Mephitic Cloud                 Conjuration/Poison/Air       3
Comestibles
 d - 5 bread rations
 f - 2 beef jerkies
 h - 2 slices of pizza
 m - 3 meat rations
 s - 3 chunks of flesh


   Skills:
 + Level 1.5 Fighting
 + Level 4.0 Staves
 - Level 1.5 Dodging
 - Level 1.0 Stealth
 - Level 3.7 Unarmed Combat
 + Level 4.3 Spellcasting
 + Level 2.1 Conjurations
 * Level 5.0 Summonings
   Level 0.6 Translocations
 + Level 1.6 Air Magic
 + Level 2.1 Poison Magic


You had 10 spell levels left.
You knew the following spells:

 Your Spells              Type           Power        Failure   Level  Hunger
a - Magic Dart            Conj           #...         10%         1    None
b - Call Imp              Summ           ###.....     3%          2    ##.....
c - Mephitic Cloud        Conj/Pois/Air  #.......     24%         3    ###....


Dungeon Overview and Level Annotations

Branches:
Dungeon (8/15)             Temple (1/1) D:7
   Lair: D:8-11

Altars:
Ashenzari
Cheibriados
Dithmenos
Elyvilon
Fedhas
Gozag
Hepliaklqana
Kikubaaqudgha
Makhleb
Nemelex Xobeh
Okawaru
Qazlal
Ru
Sif Muna
Trog
Uskayaw
Vehumet
Xom
Yredelemnul
Zin
The Shining One

Annotations:
D:3 Robin
D:6 Dowan, Duvessa


Innate Abilities, Weirdness & Mutations

You are too large for most types of armour.
You have claws for hands.
Your metabolism is lightning-fast.
You like to eat raw meat.
Your natural rate of healing is unusually fast.
You are covered in fur. (AC +1)
You have very tough skin. (AC +2)
You have sharp toenails.
You are partially covered in yellow scales. (AC +2)
Armour fits poorly on your strangely shaped body.


Message History

Beogh smites you!
* * * LOW HITPOINT WARNING * * *
The howler monkey hits your white imp.
Your white imp dies!
The howler monkey hits your white imp.
Your white imp hits the howler monkey.
Your white imp freezes the howler monkey.
The howler monkey hits your white imp. The howler monkey hits your white imp!
Your white imp dies!
The howler monkey hoots and howls with incredible vigour!
You hear a bark!
You hear a shout!
You closely miss the howler monkey.
The howler monkey is moderately wounded.
The howler monkey closely misses you.
You barely miss the howler monkey.
The howler monkey is moderately wounded.
The howler monkey barely misses you.
The orc priest invokes the aid of Beogh against you.
Beogh smites you!
You die...
Kikubaaqudgha rasps: "You have failed me!
Welcome... death!" .# #.# )###.# .# . .....# .#. ####.######## .#. #......... .. #.######## ##J# #.# #oh

#.# #h#
#.#
######@#
#.#
#...)?.#
###.###
#.######
#.....#
#.#
#.....#
#.#
#.....#
#.#
#.....#
#.#
#.....#
#.#
###.###
#.#


You could see 2 howler monkeys, a jelly and an orc priest.

Vanquished Creatures
  Pikel (D:4)
  Sigmund (D:6)
  Menkaure (D:6)
  A water moccasin (D:6)
  2 phantoms
  3 ogres
  Blork the orc (D:6)
  2 bullfrogs
  2 scorpions
  A howler monkey (D:6)
  A centaur zombie (D:6)
  5 orc priests
  A bullfrog skeleton (D:7)
  2 hounds
  A jelly (D:8)
  3 orc wizards
  Crazy Yiuf (D:3)
  A gnoll shaman (D:8)
  2 iguanas
  4 worker ants
  A hound skeleton (D:4)
  A worker ant zombie (D:7)
  4 adders
  A gnoll (D:6)
  2 shadow imps
  2 oozes
  2 adder zombies (D:5)
  3 worms
  2 dart slugs (D:1)
  6 leopard geckos
  32 orcs
  5 giant cockroaches
  19 goblins
  3 hobgoblins
  14 jackals
  7 kobolds
  3 quokkas
  2 ball pythons
  9 bats
  11 frilled lizards
  A leopard gecko skeleton (D:5)
  10 rats
  A fungus (D:3)
177 creatures vanquished.

Vanquished Creatures (collateral kills)
  A slave (D:4)
  A jelly (D:8)
2 creatures vanquished.

Vanquished Creatures (others)
  Eustachio (D:4)
  2 slaves (D:4)
  An orc (D:4)
  A leopard gecko skeleton (D:4)
5 creatures vanquished.

Grand Total: 184 creatures vanquished

Notes
Turn   | Place    | Note
-------+----------+-------------------------------------------
     0 | D:1      | magicalfaerieponies the Troll Wizard began the quest for the Orb.
     0 | D:1      | Reached XP level 1. HP: 16/16 MP: 2/2
   299 | D:1      | Reached skill level 1 in Unarmed Combat
   323 | D:1      | Reached XP level 2. HP: 24/24 MP: 4/4
   892 | D:2      | Reached XP level 3. HP: 25/31 MP: 5/5
  1186 | D:2      | Learned a level 2 spell: Call Imp
  1486 | D:2      | Reached skill level 1 in Summonings
  1486 | D:2      | Reached XP level 4. HP: 35/39 MP: 6/6
  1598 | D:3      | Noticed Robin
  1905 | D:3      | Reached XP level 5. HP: 34/45 MP: 8/8
  2224 | D:3      | Reached skill level 2 in Summonings
  2496 | D:3      | Reached XP level 6. HP: 51/53 MP: 9/9
  2652 | D:3      | Found a runed door.
  2658 | D:3      | Noticed Crazy Yiuf
  2664 | D:3      | Killed Crazy Yiuf
  2948 | D:4      | Noticed a slave
  2948 | D:4      | Noticed Pikel
  2949 | D:4      | Noticed a slave
  2949 | D:4      | Noticed a slave
  2949 | D:4      | Noticed Eustachio
  2949 | D:4      | Noticed a slave
  2961 | D:4      | Killed a slave
  2997 | D:4      | Killed Pikel
  2997 | D:4      | Reached skill level 3 in Summonings
  2997 | D:4      | Reached XP level 7. HP: 30/59 MP: 7/11
  3027 | D:4      | Killed Eustachio
  3035 | D:4      | Killed a freed slave
  3060 | D:4      | Reached XP level 8. HP: 13/67 MP: 1/12
  3068 | D:4      | Learned a level 3 spell: Mephitic Cloud
  3359 | D:5      | Entered Level 5 of the Dungeon
  4265 | D:6      | Reached skill level 4 in Summonings
  4305 | D:6      | Noticed Blork the orc
  4318 | D:6      | Killed Blork the orc
  4318 | D:6      | Reached skill level 1 in Conjurations
  4318 | D:6      | Reached skill level 1 in Poison Magic
  4384 | D:6      | Noticed Duvessa
  4390 | D:6      | Noticed Dowan
  4517 | D:6      | Noticed Menkaure
  4523 | D:6      | Killed Menkaure
  4523 | D:6      | Reached skill level 1 in Air Magic
  4596 | D:6      | Found a snail-covered altar of Cheibriados.
  4773 | D:6      | Noticed Sigmund
  4780 | D:6      | Killed Sigmund
  4780 | D:6      | Reached skill level 1 in Fighting
  5298 | D:6      | Reached XP level 9. HP: 74/76 MP: 14/14
  5504 | D:7      | Found a staircase to the Ecumenical Temple.
  5515 | Temple   | Entered the Ecumenical Temple
  5962 | Temple   | Gained mutation: Armour fits poorly on your strangely shaped body. [potion of mutation]
  5962 | Temple   | Gained mutation: You have sharp toenails. [potion of mutation]
  5962 | Temple   | Gained mutation: You are partially covered in yellow scales. (AC +2) [potion of mutation]
  5975 | Temple   | Became a worshipper of Kikubaaqudgha
  6145 | D:8      | Reached skill level 5 in Summonings
  6384 | D:8      | Killed from afar by an orc priest

Vault maps used:
D:1:      nagdon_arrival_zigzag_paths
D:2:      first_bread, minmay_distorted
D:3:      uniq_crazy_yiuf_cottage, uniq_robin
D:4:      nrook_loot_triangle, uniq_eustachio, uniq_pikel
D:6:      cheibriados_altar_wand_db, uniq_duvessa, uniq_menkaure, uniq_sigmund,
          uniq_blork_the_orc
D:8:      blue_anna_alchemist
Temple:   regret_index_temple_sigil_plot

Skill      XL: |  1  2  3  4  5  6  7  8  9 |
---------------+----------------------------+-----
Unarmed Combat | 1 2 3 |  3.7
Summonings     | 1 2 3 4 5 |  5.0
Spellcasting   | 3 4 |  4.3
Staves         | 2 3 4 |  4.0
Conjurations   | 1 2 |  2.1
Poison Magic   | 1 2 |  2.1
Air Magic      | 1 |  1.6
Fighting       | 1 |  1.5
Dodging        | |  1.5
Stealth        | |  1.0
Translocations | |  0.6

Action                   |  1- 3 |  4- 6 |  7- 9 || total
-------------------------+-------+-------+-------++-------
Melee: Unarmed           |   166 |   140 |       ||   306
       Punch             |       |     1 |       ||     1
       Quarterstaff      |       |    65 |   233 ||   298
       Kick              |       |       |     3 ||     3
 Cast: Call Imp          |       |     6 |    14 ||    20
  Use: Scroll            |       |       |    13 ||    13
       Potion            |       |       |     8 ||     8
 Stab: Paralysed         |       |     2 |     6 ||     8
       Sleeping          |       |     1 |     2 ||     3
       Confused          |       |       |     2 ||     2
       Petrifying        |       |       |     1 ||     1
  Eat: Chunk             |    19 |    14 |    26 ||    59
Armor: Robe              |    96 |   103 |    63 ||   262
Dodge: Dodged            |    94 |   124 |   115 ||   333
